 Dungeon Crawl Stone Soup version 0.26.1-11-gd32895ea62 (webtiles) character file.

Game seed: 12933745618623090645

151 Descartes the Ruffian (level 5, -7/53 HPs)
             Began as a Troll Chaos Knight on July 11, 2021.
             Was a Plaything of Xom.
             Mangled by a guardian serpent (shapeshifter) (11 damage)
             ... on level 3 of the Dungeon.
             The game lasted 00:04:02 (1936 turns).

Descartes the Ruffian (Troll Chaos Knight)          Turns: 1936, Time: 00:04:03

Health: -7/53      AC:  8    Str: 20    XL:     5   Next: 10%
Magic:  4/4        EV: 10    Int:  9    God:    Xom [..*...]
Gold:   102        SH:  0    Dex:  9    Spells: 4/4 levels left

rFire    + . .     SeeInvis .     - Unarmed
rCold    + + .     Faith    .   (no shield)
rNeg     . . .     Spirit   .   a - +2 robe
rPois    +         Reflect  .   (helmet restricted)
rElec    +         Harm     .   (no cloak)
rCorr    +         Rampage  .   (gloves unavailable)
Will     .....                  (boots unavailable)
Stlth    +.........             (no amulet)
HPRegen  0.57/turn              f - ring of protection from cold
MPRegen  0.09/turn              (no ring)

@: resistant
A: large, unfitting armour, claws 3, regeneration 1, shaggy fur 1, tough skin 3
a: Renounce Religion


You were on level 3 of the Dungeon.
You worshipped Xom.
You were a toy of Xom.
You visited 1 branch of the dungeon, and saw 3 of its levels.

You collected 102 gold pieces.

Inventory:

Missiles
 j - 20 poisoned darts (quivered)
 k - 7 boomerangs
 r - a throwing net
Armour
 a - a +2 robe (worn)
Jewellery
 f - a ring of protection from cold (left claw)
Wands
 u - a wand of iceblast (8)
Scrolls
 b - a scroll of enchant weapon {unknown}
 c - 2 scrolls of magic mapping {unknown}
 d - 2 scrolls of identify {unknown}
 e - 3 scrolls of remove curse {unknown}
 g - 3 scrolls of teleportation {unknown}
 l - a scroll of amnesia {unknown}
 m - a scroll of random uselessness {unknown}
 q - a scroll of noise {unknown}
 s - 3 scrolls of blinking {unknown}
 w - a scroll of fog {unknown}
Potions
 h - 2 potions of flight {unknown}
 i - a potion of heal wounds
 n - a potion of ambrosia {unknown}
 o - 2 potions of mutation {unknown}
 v - a potion of attraction {unknown}


   Skills:
 + Level 3.4 Fighting
 + Level 3.0 Dodging
 + Level 4.1 Unarmed Combat


You had 4 spell levels left.
You didn't know any spells.
Your spell library contained the following spells:

 Spells                   Type           Power        Failure   Level
 Confusing Touch          Hex            0%           77%         3
 Gell's Gravitas          Tloc           0%           77%         3
 Petrify                  Tmut/Erth      0%           99%         4
 Metabolic Englaciation   Hex/Ice        0%           100%        5
 Yara's Violent Unravell  Hex/Tmut       0%           100%        5


Dungeon Overview and Level Annotations

Branches:
Dungeon (3/15)

Altars:


Innate Abilities, Weirdness & Mutations

You are too large for most types of armour.
You have claws for hands.
Your natural rate of healing is unusually fast.
You are covered in fur. (AC +1)
You have extremely tough skin. (AC +3)


Message History

The bat hits you but does no damage.
You completely miss the guardian serpent.
The guardian serpent is moderately wounded.
Xom grants you insight.
You detect items!
The bat closely misses you. The guardian serpent hits you!
The orc barely misses you. The orc hits you but does no damage.
The kobold hits you but does no damage. The goblin hits you but does no damage.
The guardian serpent hits you!
* * * LOW HITPOINT WARNING * * *
You scratch the guardian serpent but do no damage.
The guardian serpent is moderately wounded.
The orc hits you but does no damage. The orc misses you.
The kobold hits you with a +0 whip.
* * * LOW HITPOINT WARNING * * *
A rat comes into view.
The orc hits you with a +0 falchion.
* * * LOW HITPOINT WARNING * * *
The goblin misses you. The guardian serpent hits you!
You die...
Xom chuckles heartily!

.>#............
.>..............
......[.........
#............##
###..............
#.............?..
#........b(....#
#.......ooK...#
#.......o@g.#.#
#.......S...#
#.####..##..# ∆
∆#.....# #...#
#.##..# ..... #r
.... ##.## #.
.##$.# ∆ .# # .#
...# # ∆ ...g


You could see a guardian serpent shaped shifter, 3 orcs, a goblin, a bat, a
kobold and a rat (wandering).

Vanquished Creatures
  Terence (D:2)
  4 gnolls (D:2)
  2 adders (D:2)
  An ooze (D:2)
  2 worms (D:2)
  A dart slug (D:1)
  3 leopard geckos
  A ball python (D:1)
  11 bats
  5 giant cockroaches
  3 goblins
  6 hobgoblins
  5 kobolds
  4 frilled lizards
  11 rats
60 creatures vanquished.

Notes
Turn   | Place    | Note
-------+----------+-------------------------------------------
     0 | D:1      | Descartes the Troll Chaos Knight began the quest for the
                  | Orb.
     0 | D:1      | Reached XP level 1. HP: 22/22 MP: 0/0
   261 | D:1      | XOM: divination: detect items
   274 | D:1      | Reached XP level 2. HP: 28/29 MP: 1/1
   575 | D:1      | XOM: smoke on damage
   709 | D:1      | Reached XP level 3. HP: 36/36 MP: 2/2
  1222 | D:2      | Noticed Terence
  1225 | D:2      | XOM: noise
  1230 | D:2      | Killed Terence
  1252 | D:2      | XOM: 2-stop teleportation journey
  1293 | D:2      | Found a faded altar of an unknown god.
  1301 | D:2      | Reached XP level 4. HP: 45/45 MP: 3/3
  1338 | D:2      | XOM: noise
  1392 | D:2      | Reached skill level 4 in Unarmed Combat
  1413 | D:2      | XOM: cloud trail
  1530 | D:2      | XOM: god gift: wand of iceblast (8)
  1625 | D:2      | Reached XP level 5. HP: 53/53 MP: 4/4
  1925 | D:3      | Noticed a shapeshifter
  1925 | D:3      | a hobgoblin changed into a shapeshifter
  1925 | D:3      | XOM: polymorph hobgoblin -> shapeshifter
  1925 | D:3      | Noticed a guardian serpent
  1925 | D:3      | a shapeshifter changed into a guardian serpent
  1931 | D:3      | XOM: silly message
  1935 | D:3      | XOM: divination: detect items
  1936 | D:3      | Mangled by a guardian serpent (shapeshifter)

Illustrated notes

Levels and vault maps discovered:
D:1:      dpeg_arrival_court, layout_basic, serial_forest,
          infiniplex_forest_end_2, infiniplex_forest_lined_room_3,
          infiniplex_forest_straight_1, infiniplex_forest_3_way,
          infiniplex_forest_lined_room_3, infiniplex_forest_clump_curved,
          infiniplex_forest_clump_small, infiniplex_forest_straight_1,
          infiniplex_forest_corner_2, minmay_vboxes
D:2:      layout_loops_ring, chequers_ecumenical_altar_twisty, uniq_terence
D:3:      layout_rooms, minmay_bisected

Skill      XL: |  1  2  3  4 |
---------------+-------------+-----
Dodging        | 2 3 |  3.0
Fighting       | 3 |  3.4
Unarmed Combat | 4 |  4.1

Action                   |  1- 3 |  4- 6 || total
-------------------------+-------+-------++-------
Melee: Unarmed           |   103 |    88 ||   191
       Punch             |     2 |     3 ||     5
  Use: Potion            |       |     2 ||     2
Armor: Robe              |    42 |    65 ||   107
Dodge: Dodged            |    55 |    84 ||   139
